 Dungeon Crawl Stone Soup version 0.30-a0-867-g305f33218d (webtiles) character file.

Game seed: 16118181494252664556

5632 Grim the Cleaver (level 10, -8/139 HPs)
             Began as a Minotaur Berserker on Mar 10, 2023.
             Was an Elder of Trog.
             Mangled by a white ugly thing (22 damage)
             ... on level 8 of the Dungeon.
             The game lasted 00:15:38 (7405 turns).

Grim the Cleaver (Minotaur Berserker)               Turns: 7405, Time: 00:15:39

Health: -8/139     AC: 13    Str: 29    XL:     10   Next: 46%
Magic:  0/9        EV: 14    Int:  6    God:    Trog [****..]
Gold:   451        SH:  0    Dex: 17    Spells: 9/9 levels left

rFire   . . .      SeeInvis .    b - +0 war axe
rCold   . . .      Faith    .    (no shield)
rNeg    . . .      Spirit   +    w - +0 chain mail
rPois   .          Reflect  .    (helmet restricted)
rElec   .          Rampage  .    (no cloak)
rCorr   .                        s - +0 pair of gloves
Will    ++...                    (no boots) Stlth
                                 t - amulet of guardian spirit
HPRegen 1.43/turn                f - +6 ring of strength
MPRegen 0.11/turn                v - +6 ring of dexterity

@: berserking (expiring), strong-willed, regenerating, very quick
A: horns 2, retaliatory headbutt
a: Renounce Religion, Berserk, Trog's Hand, Brothers in Arms


You were on level 8 of the Dungeon.
You worshipped Trog.
Trog was greatly pleased with you.
You visited 1 branch of the dungeon, and saw 8 of its levels.
You also visited: Sewer and Ossuary.

You collected 451 gold pieces.

Inventory:

Hand Weapons
 a - a +0 sling
 b - a +0 war axe (weapon)
 y - the +4 war axe of Cheibriados's Esteem {heavy, Will- rCorr Int+8}
   (You found it in a sewer)

   Int:       It affects your intelligence (+8).
   rCorr:     It protects you from acid and corrosion.
   Will:      It decreases your willpower.
Missiles
 u - 3 throwing nets
Armour
 s - a +0 pair of gloves (worn)
 w - a +0 chain mail (worn)
Jewellery
 f - a +6 ring of strength (left hand)
 t - an amulet of guardian spirit (around neck)
 v - a +6 ring of dexterity (right hand)
Wands
 i - a wand of charming (15)
 q - a wand of flame (22)
Scrolls
 c - 3 scrolls of immolation {unknown}
 d - 3 scrolls of fog {unknown}
 e - a scroll of brand weapon {unknown}
 h - 7 scrolls of teleportation
 j - 5 scrolls of identify {unknown}
 l - 4 scrolls of enchant armour {unknown}
 m - 2 scrolls of poison {unknown}
 n - a scroll of vulnerability {unknown}
 o - 3 scrolls of enchant weapon {unknown}
 z - a scroll of summoning {unknown}
 A - a scroll of noise {unknown}
 C - a scroll of torment {unknown}
 G - a scroll of silence {unknown}
Potions
 g - 4 potions of curing {unknown}
 k - 2 potions of heal wounds {unknown}
 p - a potion of lignification {unknown}
 r - a potion of berserk rage {unknown}
 x - a potion of haste
 B - 3 potions of might {unknown}
 D - 2 potions of degeneration {unknown}
 E - a potion of attraction {unknown}
 F - a potion of brilliance {unknown}
 H - a potion of magic {unknown}


   Skills:
 - Level 10.0 Fighting
 - Level 10.0 Axes
 - Level 10.0 Armour
 + Level 9.1 Dodging


You had 9 spell levels left.
You didn't know any spells.
Your spell library was empty.

Dungeon Overview and Level Annotations

Branches:
Dungeon (8/15)             Temple (0/1) D:6           Sewer (visited)
Ossuary (visited)
   Lair: D:8-11

Altars:
Ashenzari
Dithmenos
Hepliaklqana
Nemelex Xobeh
Qazlal
Ru
Uskayaw
The Shining One


Innate Abilities, Weirdness & Mutations

You have a pair of horns on your head.
You reflexively headbutt those who attack you in melee.


Message History

You barely miss the white ugly thing. The white ugly thing punches you!
The white ugly thing freezes you!!
* * * LOW HITPOINT WARNING * * *
You are too injured to fight recklessly!
You are too injured to fight recklessly!
Unknown command.
You slash the white ugly thing!
The white ugly thing is lightly wounded.
You hit the white ugly thing.
Your headbutt misses the white ugly thing.
The white ugly thing is lightly wounded.
The white ugly thing misses you.
You closely miss the white ugly thing.
The white ugly thing is lightly wounded.
The white ugly thing punches you.
* * * LOW HITPOINT WARNING * * *
The white ugly thing freezes you!!
* * * LOW HITPOINT WARNING * * *
You hit the white ugly thing but do no damage.
The white ugly thing is lightly wounded.
You slash the white ugly thing!
The white ugly thing is moderately wounded.
The white ugly thing punches you!
* * * LOW HITPOINT WARNING * * *
The white ugly thing freezes you!
* * * LOW HITPOINT WARNING * * *
Unknown command.
You slash the white ugly thing!
Your headbutt misses the white ugly thing.
The white ugly thing is heavily wounded.
The white ugly thing barely misses you.
You barely miss the white ugly thing. You headbutt the white ugly thing!
The white ugly thing is severely wounded.
You barely miss the white ugly thing.
Your headbutt misses the white ugly thing.
The white ugly thing is severely wounded.
The white ugly thing punches you!
* * * LOW HITPOINT WARNING * * *
The white ugly thing freezes you!!
You die...

###'#########'#####......######..
#..###..##.......##..............
.#.#..#.#:.#####..#....########..
.##.#.###.##[))##.#..### ##.
##..##..#.#! )$$#.#.## #.
.###.##.'.#?[#?.#.'.# #.
.##..#.##.#$$$Ee#.#.# #.
#..##.†##.##?.Eu#.#.# #.
.#.#.##.#..#####@.#.# #######.
.##..#..##.......##.# ##.......
###'#########'#####.# ##...#####
.....##.##.#.#.#.##.# #.....##
###...#.#.........#.# #......#
..##..#)##.#.#.#.##.# #......#
...#.##.#........†#.#####...#.###
:##.##..'#.#.#.#.#'..............
##.#....#.....[...#..########.##<


You could see a white ugly thing, a deep elf pyromancer and 2 fire elementals.

Vanquished Creatures
  Pikel (D:6)
  An unseen horror (D:8)
  A tengu conjurer (D:8)
  A troll (D:5)
  Prince Ribbit (D:6)
  Sigmund (D:6)
  A wraith (D:6)
  A slime creature (D:8)
  A wyvern (D:8)
  A basilisk (D:8)
  A yak (D:8)
  2 steam dragons (D:5)
  A vampire mosquito (D:8)
  Edmund (D:4)
  2 water moccasins
  An orc warrior (D:8)
  6 ice beasts
  A black bear (D:6)
  A sky beast (D:6)
  A phantom (D:5)
  A centaur (D:8)
  3 bullfrogs
  A scorpion (D:4)
  5 wights (D:8)
  4 killer bees
  2 howler monkeys
  2 jellies
  An orc priest (D:6)
  2 gnoll boudas (D:5)
  2 hounds
  3 iguanas
  A sleepcap (D:6)
  7 orc wizards
  12 mummies (Ossuary)
  12 gnolls (D:5)
  5 adders
  A white imp (D:5)
  4 worms (D:3)
  4 dart slugs
  15 orcs
  4 endoplasms
  7 giant cockroaches
  11 goblins
  5 hobgoblins
  2 jackals (D:3)
  3 quokkas
  5 ball pythons
  14 bats
  2 frilled lizards
  3 gnoll skeletons (Ossuary)
  2 goblin skeletons (Ossuary)
  6 kobolds
  2 kobold skeletons (Ossuary)
  An orc skeleton (Ossuary)
  A quokka zombie (D:7)
  2 rats (D:1)
  11 rat skeletons (Ossuary)
  A rat zombie (D:7)
196 creatures vanquished.

Vanquished Creatures (others)
  20 fungi
  6 plants (D:4)
26 creatures vanquished.

Grand Total: 222 creatures vanquished

Notes
Turn   | Place    | Note
-------+----------+-------------------------------------------
     0 | D:1      | Grim the Minotaur Berserker began the quest for the Orb.
     0 | D:1      | Reached XP level 1. HP: 19/19 MP: 0/0
     6 | D:1      | Noticed an anaconda
     6 | D:1      | Noticed a swamp worm
     6 | D:1      | Noticed a hog
     7 | D:1      | Noticed a komodo dragon
   154 | D:1      | Reached XP level 2. HP: 26/26 MP: 1/1
   519 | D:1      | Reached ** piety under Trog
   524 | D:1      | Reached skill level 5 in Axes
   793 | D:2      | Found a faded altar of an unknown god.
   826 | D:2      | Reached XP level 3. HP: 29/31 MP: 2/2
  1548 | D:3      | Reached XP level 4. HP: 36/39 MP: 3/3
  1795 | D:3      | Reached XP level 5. HP: 38/45 MP: 4/4
  2503 | D:4      | Reached *** piety under Trog
  2644 | D:4      | Noticed Edmund
  2651 | D:4      | Reached XP level 6. HP: 51/51 MP: 5/5
  2658 | D:4      | Killed Edmund
  2837 | D:4      | Identified the +5 mace "Ysyumiji" {vamp, rN+}
  2962 | D:4      | Found a sacrificial altar of Ru.
  3026 | D:5      | Entered Level 5 of the Dungeon
  3098 | D:5      | Noticed an ice beast
  3105 | D:5      | Killed an ice beast
  3106 | D:5      | Reached XP level 7. HP: 57/57 MP: 6/6
  3129 | D:5      | Reached skill level 10 in Axes
  3250 | D:5      | Noticed a steam dragon
  3261 | D:5      | Killed a steam dragon
  3262 | D:5      | Reached skill level 5 in Fighting
  3290 | D:5      | Noticed a steam dragon
  3589 | D:5      | Noticed a troll
  3597 | D:5      | Killed a troll
  3598 | D:5      | Reached XP level 8. HP: 70/74 MP: 5/7
  4142 | D:5      | Found a broken altar of Ashenzari.
  4146 | D:5      | Saw a vision of the Swamp and the Spider Nest.
  4146 | D:5      | Noticed a jumping spider
  4146 | D:5      | Noticed a boulder beetle
  4146 | D:5      | Noticed a jumping spider
  4146 | D:5      | Noticed a broodmother
  4146 | D:5      | Noticed a wolf spider
  4146 | D:5      | Noticed a tarantella
  4146 | D:5      | Noticed a pharaoh ant
  4146 | D:5      | Noticed a moth of wrath
  4146 | D:5      | Noticed a culicivora
  4146 | D:5      | Noticed an emperor scorpion
  4147 | D:5      | Noticed an eleionoma
  4147 | D:5      | Noticed an entropy weaver
  4148 | D:5      | Noticed a demonic crawler
  4148 | D:5      | Noticed a six-headed hydra
  4154 | D:5      | Noticed a spriggan druid
  4500 | D:6      | Reached skill level 10 in Fighting
  4596 | D:6      | Found a staircase to the Ecumenical Temple.
  4628 | D:6      | Noticed Prince Ribbit
  4631 | D:6      | Found a stormy altar of Qazlal.
  4644 | D:6      | Killed Prince Ribbit
  4645 | D:6      | Reached skill level 5 in Armour
  4645 | D:6      | Reached XP level 9. HP: 85/85 MP: 8/8
  4728 | D:6      | Noticed Pikel
  4735 | D:6      | Killed Pikel
  4782 | D:6      | Found a glowing drain.
  4795 | Sewer    | Entered a sewer
  4889 | Sewer    | Identified the +4 war axe of Cheibriados's Esteem {heavy,
                  | Will- rCorr Int+8}
  5002 | D:6      | Found a hazy altar of Hepliaklqana.
  5007 | D:6      | Noticed Sigmund
  5039 | D:6      | Killed Sigmund
  5243 | D:6      | Found a shadowy altar of Dithmenos.
  5318 | D:6      | Found a glowing golden altar of the Shining One.
  5455 | D:6      | Found a hide-covered altar of Uskayaw.
  5647 | D:7      | Reached skill level 10 in Armour
  5647 | D:7      | Found a sand-covered staircase.
  5664 | Ossuary  | Entered an ossuary
  5846 | Ossuary  | Reached **** piety under Trog
  6416 | D:7      | Reached skill level 5 in Dodging
  6580 | D:8      | Found a sparkling altar of Nemelex Xobeh.
  6667 | D:8      | Reached XP level 10. HP: 92/93 MP: 9/9
  7391 | D:8      | Noticed a white ugly thing
  7391 | D:8      | Noticed a deep elf pyromancer
  7405 | D:8      | Mangled by a white ugly thing

Illustrated notes

Levels and vault maps discovered:
D:1:      onia_arrival_zoo_common, layout_loops_ring
D:2:      layout_loops_ring, basic_ecumenical_altar, minivault_24,
          nicolae_wormholes
D:3:      layout_basic, serial_glass, glass_columns_a, glass_columns_a
D:4:      layout_loops_ring, nicolae_ru_the_path_less_chosen, uniq_edmund
D:5:      kennysheep_steamy, layout_loops_ring, grunt_ashenzari_visionary
          [grunt_ashenzari_visionary_swamp, grunt_ashenzari_visionary_spider]
D:6:      layout_basic, nicolae_tso_swordbearing_angel,
          mainiacjoe_overflow_surrounded_room, marbit_many_paths,
          mainiacjoe_overflow_cross_hatched, nicolae_uskayaw_suspiria,
          minmay_temple_entry_sparse_star, portal_sewer_entry_f, uniq_sigmund,
          uniq_pikel, uniq_prince_ribbit1
D:7:      layout_basic, enter_ossuary_4
D:8:      layout_loops_ring, nemelex_xobeh_ov_fountains_minmay,
          minmay_the_grid_2x2 [minmay_the_grid_all_tris, minmay_the_grid_fan,
          minmay_the_grid_minigrid_small_alt,
          minmay_the_grid_prize_inner_circle]

Skill      XL: |  1  2  3  4  5  6  7  8  9 10 |
---------------+-------------------------------+-----
Axes           | 4 5 6 8 9 10 | 10.0
Fighting       | 8 10 | 10.0
Armour         | 5 10 | 10.0
Dodging        | 5 9 |  9.1

Action                     |  1- 3 |  4- 6 |  7- 9 | 10-12 || total
---------------------------+-------+-------+-------+-------++-------
  Melee: Hand axe          |    16 |       |       |       ||    16
         War axe           |    42 |    59 |   229 |    74 ||   404
         Headbutt          |     6 |     9 |    42 |    21 ||    78
         Punch             |       |       |     2 |       ||     2
   Fire: Sling             |    40 |    46 |    58 |       ||   144
 Invoke: Trog's Hand       |       |     1 |     3 |     3 ||     7
         Berserk           |       |     1 |     7 |     3 ||    11
    Use: Scroll            |       |       |       |     1 ||     1
   Stab: Sleeping          |     1 |       |       |       ||     1
 Armour: Animal skin       |     3 |       |       |       ||     3
         Ring mail         |    23 |    19 |     6 |       ||    48
         Chain mail        |       |       |    87 |    36 ||   123
  Dodge: Dodged            |    35 |    36 |    99 |    31 ||   201

Table legend: (Time is in decaauts)
 A = Elapsed time spent in this place.
 B = Non-inter-level travel time spent in this place.
 C = Inter-level travel time spent in this place.
 D = Time resting spent in this place.
 E = Time spent auto-exploring this place.
 F = Levels seen in this place.
 G = Mean time per level.
                   A        B        C        D        E       F      G
               +--------+--------+--------+--------+--------+-----+--------+
         Total |   7569 |   7413 |    156 |   1477 |   4333 |  10 |  756.9 |
       Dungeon |   7004 |   6848 |    156 |   1426 |   4045 |   8 |  875.5 |
         Sewer |    129 |    129 |      0 |     51 |     22 |   1 |  129.0 |
       Ossuary |    435 |    435 |      0 |      0 |    266 |   1 |  435.0 |
               +--------+--------+--------+--------+--------+-----+--------+

Top non-repeatable levels by time:
     D:5: 1442 daAuts
     D:6: 980 daAuts
     D:4: 906 daAuts
     D:8: 863 daAuts
     D:1: 798 daAuts
     D:2: 722 daAuts
     D:7: 655 daAuts
     D:3: 633 daAuts
 Ossuary: 435 daAuts
   Sewer: 129 daAuts
